 Dungeon Crawl Stone Soup version 0.29.1 (webtiles) character file.

Game seed: 17390383437222839206

1086 wakxed the Grasshopper (level 8, -1/96 HPs)
             Began as a Gnoll Warper on Sept 12, 2022.
             Was a Believer of Makhleb.
             Slain by a vampire (12 damage)
             ... on level 5 of the Dungeon.
             The game lasted 00:23:09 (6866 turns).

wakxed the Grasshopper (Gnoll Warper)               Turns: 6866, Time: 00:23:09

Health: -1/96      AC:  7    Str: 12    XL:     8   Next: 30%
Magic:  17/17      EV: 13    Int: 16    God:    Makhleb [**....]
Gold:   227        SH:  5    Dex: 11    Spells: 8/19 levels left

rFire   . . .      SeeInvis .   a - +0 war axe
rCold   . . .      Faith    .   (no shield)
rNeg    . . .      Spirit   .   e - +0 leather armour
rPois   .          Reflect  +   x - +2 helmet
rElec   .          Harm     .   k - +0 cloak
rCorr   .          Rampage  .   (no gloves)
Will    +....      Rnd*Tele +   (no boots)
Stlth   ..........              A - amulet of reflection
HPRegen 0.26/turn               (no ring)
MPRegen 0.15/turn               (no ring)

@: brilliant, berserking, very quick
A: fangs 1, strong nose, distributed training, clever 1, strong-willed 1,
teleportitis 1
a: Renounce Religion, Minor Destruction


You were on level 5 of the Dungeon.
You worshipped Makhleb.
Makhleb was pleased with you.
You visited 1 branch of the dungeon, and saw 5 of its levels.

You collected 227 gold pieces.

Inventory:

Hand Weapons
 a - a +0 war axe (weapon)
 b - a +0 arbalest
 q - a +1 flail of holy wrath
 v - a +0 short sword of flaming
 E - a +2 short sword of draining
Missiles
 d - 2 boomerangs of dispersal (quivered)
 o - 8 poisoned darts
 w - 2 throwing nets
Armour
 e - a +0 leather armour (worn)
 i - a +0 ring mail
 k - a +0 cloak (worn)
 x - a +2 helmet (worn)
 D - a +0 chain mail
Jewellery
 A - an amulet of reflection (around neck)
Wands
 h - a wand of charming (8)
Scrolls
 c - a scroll of blinking
 j - a scroll of vulnerability {unknown}
 l - a scroll of summoning {unknown}
 m - 2 scrolls of immolation
 n - a scroll of torment {unknown}
 p - a scroll of fear {unknown}
 y - a scroll of teleportation {unknown}
 z - a scroll of amnesia
 B - a scroll of noise {unknown}
Potions
 u - a potion of cancellation
 F - a potion of berserk rage


   Skills:
 + Level 5.7 Fighting
 + Level 3.2 Short Blades
 + Level 3.2 Long Blades
 + Level 5.7 Axes
 + Level 3.2 Maces & Flails
 + Level 3.2 Polearms
 + Level 3.2 Staves
 + Level 3.2 Ranged Weapons
 + Level 4.2 Throwing
 + Level 4.2 Armour
 + Level 5.7 Dodging
 + Level 3.2 Stealth
 + Level 3.2 Shields
 + Level 3.2 Unarmed Combat
 + Level 6.0 Spellcasting
 + Level 2.6 Conjurations
 + Level 2.6 Hexes
 + Level 2.6 Summonings
 + Level 2.6 Necromancy
 + Level 6.1 Translocations
 + Level 2.6 Transmutations
 + Level 2.6 Fire Magic
 + Level 2.6 Ice Magic
 + Level 2.6 Air Magic
 + Level 2.6 Earth Magic
 + Level 2.6 Poison Magic
 + Level 3.6 Invocations
 + Level 3.2 Evocations


You had 8 spell levels left.
You knew the following spells:

 Your Spells              Type           Power      Damage    Failure   Level
a - Blink                 Tloc           72%        N/A       2%          2
b - Gell's Gravitas       Tloc           36%        N/A       4%          3
c - Lesser Beckoning      Tloc           36%        N/A       4%          3
d - Teleport Other        Tloc           36%        N/A       4%          3

Your spell library contained the following spells:

 Spells                   Type           Power      Damage    Failure   Level
 Poisonous Vapours        Pois/Air       40%        N/A       9%          2
 Scorch                   Fire           40%        2d7       9%          2
 Manifold Assault         Tloc           36%        N/A       36%         5
 Corpse Rot               Necr/Pois/Air  20%        N/A       50%         4
 Flame Wave               Conj/Fire      20%        2d7       50%         4
 Summon Cactus Giant      Summ           10%        N/A       100%        6


Dungeon Overview and Level Annotations

Branches:
Dungeon (5/15)
 Temple: D:4-7

Altars:
Ashenzari
Elyvilon
Kikubaaqudgha
Makhleb
Okawaru
Yredelemnul

Annotations:
D:3 2 transporters, Menkaure


Innate Abilities, Weirdness & Mutations

You have very sharp teeth.
Your uncanny sense of smell can sniff out nearby items.
Your experience applies equally to all skills.
Your mind is acute. (Int +4, Str/Dex -1)
You are strong-willed. (Will+)
You are occasionally teleported next to monsters.


Message History

You slash the vampire!
The vampire is severely damaged.
The vampire closely misses you. The vampire bites you.
The vampire draws strength from your injuries!
You hit the vampire but do no damage.
The vampire is severely damaged.
The vampire misses you.
The vampire bites you but does no damage.
You hit the vampire but do no damage.
The vampire is severely damaged.
The vampire barely misses you. x2
You hit the vampire but do no damage.
The vampire is severely damaged.
The vampire draws life force from you!
The vampire is healed by the life force!
The vampire points at you and mumbles some strange words.
You resist with some effort.
It was a potion of cancellation.
You feel magically purged. The vampire hits you!
* * * LOW HITPOINT WARNING * * *
The vampire bites you but does no damage.
It was a potion of brilliance.
You feel clever all of a sudden. The vampire hits you.
* * * LOW HITPOINT WARNING * * *
You block the vampire's attack.
It was a potion of mutation.
You feel extremely strange.
You feel weirdly uncertain.
You feel clever.
You feel strong-willed.
The vampire casts a spell.
The vampire flickers and vanishes!
Deactivating autopickup; reactivate with Ctrl-A.
It was a potion of berserk rage.
A red film seems to cover your vision as you go berserk!
You feel yourself moving faster!
You feel mighty! Something barely misses you. Something bites you!
* * * LOW HITPOINT WARNING * * *
Something draws strength from your injuries!
You slash something! You closely miss something. Your bite misses something.
Something hits you!
You die...

#####.################.####....##
...........).([).......[..#.#.###
#####.###################.#.#.###
#.#.................#.#.#....
#.#.###############.#.#.#####
#.#.# #....#....#.#.#
#.#.##########.#.#..#.#.#####
#.#........{.#.#.............
#.##########@#.#....#.#.##### #.#
#.#.#..).#.#.# ###'####
#.#.#.<..#.#.### #......#
#.#.#.)........# #......###
#.#.#..#.#.#.#.#
#........#####.#.)......#'#.###
###............#.######.......#
####...#######....>.........#
##### #.#######......#


There were no monsters in sight!

Vanquished Creatures
  2 black bears
  An ice beast (D:5)
  An ogre (D:5)
  A centaur (D:5)
  A scorpion (D:4)
  A jelly (D:5)
  2 hounds
  3 orc priests
  A gnoll bouda (D:5)
  2 iguanas (D:4)
  3 orc wizards
  3 adders
  11 gnolls
  An ufetubus (D:5)
  5 dart slugs
  14 orcs
  7 ball pythons
  9 endoplasms
  3 giant cockroaches
  5 goblins
  7 hobgoblins
  3 jackals (D:3)
  5 quokkas
  5 bats
  3 frilled lizards
  9 kobolds
  6 rats
114 creatures vanquished.

Vanquished Creatures (others)
  A quokka (D:4)
  2 fungi (D:2)
  4 plants (D:2)
7 creatures vanquished.

Grand Total: 121 creatures vanquished

Notes
Turn   | Place    | Note
-------+----------+-------------------------------------------
     0 | D:1      | wakxed the Gnoll Warper began the quest for the Orb.
     0 | D:1      | Reached XP level 1. HP: 20/20 MP: 6/6
   119 | D:1      | Reached XP level 2. HP: 26/26 MP: 7/7
   158 | D:1      | Learned a level 2 spell: Blink
   954 | D:1      | Reached skill level 5 in Spellcasting
   954 | D:1      | Reached XP level 3. HP: 29/31 MP: 7/9
  1188 | D:2      | Reached skill level 1 in Invocations
  1313 | D:2      | Learned a level 3 spell: Gell's Gravitas
  1317 | D:2      | Learned a level 3 spell: Lesser Beckoning
  1321 | D:2      | Learned a level 3 spell: Teleport Other
  1393 | D:2      | Reached skill level 1 in Short Blades
  1393 | D:2      | Reached skill level 1 in Long Blades
  1393 | D:2      | Reached skill level 1 in Maces & Flails
  1393 | D:2      | Reached skill level 1 in Polearms
  1393 | D:2      | Reached skill level 1 in Staves
  1393 | D:2      | Reached skill level 1 in Ranged Weapons
  1393 | D:2      | Reached skill level 1 in Stealth
  1393 | D:2      | Reached skill level 1 in Shields
  1393 | D:2      | Reached skill level 1 in Unarmed Combat
  1393 | D:2      | Reached skill level 1 in Evocations
  1523 | D:2      | Reached XP level 4. HP: 14/38 MP: 11/11
  1805 | D:2      | Found a faded altar of an unknown god.
  1832 | D:2      | Prayed at the altar of an unknown god.
  1832 | D:2      | Became a worshipper of Makhleb the Destroyer
  1832 | D:2      | Reached * piety under Makhleb
  1980 | D:3      | Found a transporter.
  1980 | D:3      | Noticed a phantom
  1982 | D:3      | Found a transporter.
  2019 | D:3      | Reached skill level 1 in Conjurations
  2019 | D:3      | Reached skill level 1 in Hexes
  2019 | D:3      | Reached skill level 1 in Summonings
  2019 | D:3      | Reached skill level 1 in Necromancy
  2019 | D:3      | Reached skill level 1 in Transmutations
  2019 | D:3      | Reached skill level 1 in Fire Magic
  2019 | D:3      | Reached skill level 1 in Ice Magic
  2019 | D:3      | Reached skill level 1 in Air Magic
  2019 | D:3      | Reached skill level 1 in Earth Magic
  2019 | D:3      | Reached skill level 1 in Poison Magic
  2472 | D:3      | Noticed a black bear
  2493 | D:3      | Killed a black bear
  2494 | D:3      | Reached XP level 5. HP: 43/43 MP: 12/12
  2705 | D:3      | Found a basalt altar of Yredelemnul.
  2836 | D:3      | Found an ancient bone altar of Kikubaaqudgha.
  2842 | D:3      | Noticed Menkaure
  3102 | D:4      | Found a large runed translucent door.
  3103 | D:4      | Found a large runed translucent door.
  3134 | D:4      | Reached XP level 6. HP: 44/50 MP: 14/14
  3316 | D:4      | Reached skill level 5 in Fighting
  3316 | D:4      | Reached skill level 5 in Axes
  3316 | D:4      | Reached skill level 5 in Dodging
  3360 | D:4      | Reached ** piety under Makhleb
  3542 | D:4      | Noticed a black bear
  3572 | D:4      | Killed a black bear
  3788 | D:4      | Found a white marble altar of Elyvilon.
  3860 | D:4      | Found a burning altar of Makhleb.
  4151 | D:4      | Reached XP level 7. HP: 55/56 MP: 15/15
  4776 | D:4      | Found an iron altar of Okawaru.
  4791 | D:4      | Found a broken altar of Ashenzari.
  4816 | D:5      | Entered Level 5 of the Dungeon
  5265 | D:5      | HP: 2/56 [centaur/arrow (9)]
  5271 | D:5      | HP: 2/56 [centaur (3)]
  5277 | D:5      | Reached XP level 8. HP: 7/63 MP: 16/16
  5812 | D:5      | Noticed a vampire
  6863 | D:5      | Gained mutation: You are occasionally teleported next to
                  | monsters. [potion of mutation]
  6863 | D:5      | Gained mutation: Your mind is acute. (Int +4, Str/Dex -1)
                  | [potion of mutation]
  6863 | D:5      | Gained mutation: You are strong-willed. (Will+) [potion of
                  | mutation]
  6866 | D:5      | Slain by a vampire

Illustrated notes

Levels and vault maps discovered:
D:1:      mrwooster_arrival_statue_2, layout_basic, dreamdust_princess_bridge
D:2:      layout_rooms, shapermc_ecumenical_altar_mp_ritualfount
D:3:      layout_basic, gammafunk_temple_of_torment
D:4:      layout_basic, mainiacjoe_overflow_alcove_1, jmf_multi_god_temple2,
          elyvilon_altar_4
D:5:      layout_basic

Skill      XL: |  1  2  3  4  5  6  7  8 |
---------------+-------------------------+-----
Spellcasting   | 5 6 |  6.0
Invocations    | 1 2 3 |  3.6
Short Blades   | 1 2 3 |  3.2
Long Blades    | 1 2 3 |  3.2
Maces & Flails | 1 2 3 |  3.2
Polearms       | 1 2 3 |  3.2
Staves         | 1 2 3 |  3.2
Ranged Weapons | 1 2 3 |  3.2
Stealth        | 1 2 3 |  3.2
Shields        | 1 2 3 |  3.2
Unarmed Combat | 1 2 3 |  3.2
Evocations     | 1 2 3 |  3.2
Conjurations   | 1 2 |  2.6
Hexes          | 1 2 |  2.6
Summonings     | 1 2 |  2.6
Necromancy     | 1 2 |  2.6
Transmutations | 1 2 |  2.6
Fire Magic     | 1 2 |  2.6
Ice Magic      | 1 2 |  2.6
Air Magic      | 1 2 |  2.6
Earth Magic    | 1 2 |  2.6
Poison Magic   | 1 2 |  2.6
Throwing       | 3 4 |  4.2
Armour         | 3 4 |  4.2
Fighting       | 5 |  5.7
Axes           | 5 |  5.7
Dodging        | 5 |  5.7
Translocations | 6 |  6.1

Action                   |  1- 3 |  4- 6 |  7- 9 || total
-------------------------+-------+-------+-------++-------
Melee: Hand axe          |    37 |       |       ||    37
       Punch             |     1 |     1 |     4 ||     6
       War axe           |    23 |   109 |   135 ||   267
       Bite              |     4 |     8 |    14 ||    26
 Fire: Sling             |    86 |    77 |    18 ||   181
       Arbalest          |       |       |    30 ||    30
Throw: Boomerang         |       |       |     5 ||     5
Invok: Minor Destruction |       |     2 |     1 ||     3
  Use: Scroll            |     3 |     2 |     2 ||     7
       Potion            |     2 |     2 |    10 ||    14
 Stab: Sleeping          |       |       |     1 ||     1
Armor: Leather armour    |    13 |    35 |    52 ||   100
       Skin              |     3 |    55 |       ||    58
Dodge: Dodged            |    44 |    80 |    76 ||   200
Block: Other             |       |    18 |    29 ||    47
       Reflection        |       |       |     1 ||     1
